NCAA
IOWA HAWKEYES @ GEORGIA BULLDOGS
05/16/2028
 
TOP OF THE 1ST
Iowa Hawkeyes batting - Pitching for Georgia Bulldogs : RHP Jason Rose
Pitching: RHP Jason Rose
Batting: RHB Chris Boner 0-0: Ball
1-0: Swinging Strike
1-1: Foul Ball, location: 2F
1-2: Strikes out swinging
Batting: RHB Carter Wilson 0-0: Ball
1-0: Foul Ball, location: 2F
1-1: Swinging Strike
1-2: Ball
2-2: Strikes out swinging
Batting: RHB Larry Davis 0-0: Called Strike
0-1: Foul Ball, location: 2F
0-2: Ball
1-2: Strikes out looking
Top of the 1st over - 0 run(s), 0 hit(s), 0 error(s), 0 left on base; Iowa 0 - Georgia 0
BOTTOM OF THE 1ST
Georgia Bulldogs batting - Pitching for Iowa Hawkeyes : RHP Román Peña
Pitching: RHP Román Peña
Batting: RHB John Field 0-0: Ball
1-0: Ball
2-0: Ball
3-0: Called Strike
3-1: Foul Ball, location: 2F
3-2: Foul Ball, location: 2F
3-2: Reached on error, E6 (Groundball, 6)
Batting: RHB Ángel Torres 0-0: Ball
John Field steals 2nd base
1-0: Ball
John Field steals 3rd base
2-0: Called Strike
2-1: Fly out, F4 (Line Drive, 4M)
Batting: RHB Tom Stoltz 0-0: Ball
1-0: Foul Ball, location: 2F
1-1: Swinging Strike
1-2: Foul Ball, location: 2F
1-2: Strikes out looking
Batting: RHB Gerald Miller 0-0: Called Strike
0-1: Foul Ball, location: 2F
0-2: Foul Ball, location: 2F
0-2: Strikes out swinging
Bottom of the 1st over - 0 run(s), 0 hit(s), 1 error(s), 1 left on base; Iowa 0 - Georgia 0
TOP OF THE 2ND
Iowa Hawkeyes batting - Pitching for Georgia Bulldogs : RHP Jason Rose
Batting: LHB Al Cramer 0-0: Ground out 4-3 (Groundball, 4)
Batting: RHB Jim Jones 0-0: Called Strike
0-1: Ball
1-1: Called Strike
1-2: Strikes out swinging
Batting: RHB Stephen Spence 0-0: Ball
1-0: Ball
2-0: Ball
3-0: Base on Balls
Batting: RHB Rick Suárez 0-0: Ball
1-0: Called Strike
1-1: Ball
2-1: Foul Ball, location: 2F
2-2: Ball
3-2: Strikes out looking
Top of the 2nd over - 0 run(s), 0 hit(s), 0 error(s), 1 left on base; Iowa 0 - Georgia 0
BOTTOM OF THE 2ND
Georgia Bulldogs batting - Pitching for Iowa Hawkeyes : RHP Román Peña
Batting: SHB Jean-François St-Amant 0-0: Called Strike
0-1: Swinging Strike
0-2: Ball
1-2: SINGLE (Groundball, 34D)
Batting: RHB Russell Maldonado 0-0: Called Strike
0-1: Ground out 5-3 (Groundball, 56S)
Jean-François St-Amant to second
Batting: RHB Ernie Ross 0-0: Ball
1-0: Fly out, F8 (Flyball, 8RM)
Batting: RHB Jeff Allen 0-0: Ball
1-0: Called Strike
1-1: Called Strike
1-2: Ball
2-2: Ball
3-2: Fly out, F7 (Flyball, 78M)
Bottom of the 2nd over - 0 run(s), 1 hit(s), 0 error(s), 1 left on base; Iowa 0 - Georgia 0
TOP OF THE 3RD
Iowa Hawkeyes batting - Pitching for Georgia Bulldogs : RHP Jason Rose
Batting: LHB Jesús Torres 0-0: Swinging Strike
0-1: Ground out U3 (Groundball, 3)
Batting: LHB Jim Hutchinson 0-0: Ball
1-0: Swinging Strike
1-1: Swinging Strike
1-2: Strikes out swinging
Batting: RHB Chris Boner 0-0: Called Strike
0-1: Fly out, F9 (Flyball, 9)
Top of the 3rd over - 0 run(s), 0 hit(s), 0 error(s), 0 left on base; Iowa 0 - Georgia 0
BOTTOM OF THE 3RD
Georgia Bulldogs batting - Pitching for Iowa Hawkeyes : RHP Román Peña
Batting: LHB Bill Williams 0-0: Fly out, F8 (Flyball, 8LD)
Batting: RHB John Field 0-0: Ball
1-0: SINGLE (Line Drive, 78M)
Batting: RHB Ángel Torres 0-0: Foul Ball, location: 2F
0-1: Ball
1-1: Foul Ball, location: 2F
1-2: Ball
2-2: Hit by Pitch
John Field to second
Batting: RHB Tom Stoltz 0-0: Called Strike
0-1: Ball
1-1: Swinging Strike
1-2: Strikes out looking
Batting: RHB Gerald Miller 0-0: Called Strike
0-1: Swinging Strike
0-2: Ball
1-2: Ball
2-2: Fly out, F8 (Flyball, 8RD)
Bottom of the 3rd over - 0 run(s), 1 hit(s), 0 error(s), 2 left on base; Iowa 0 - Georgia 0
TOP OF THE 4TH
Iowa Hawkeyes batting - Pitching for Georgia Bulldogs : RHP Jason Rose
Batting: RHB Carter Wilson 0-0: Called Strike
0-1: Ball
1-1: Foul Ball, location: 2F
1-2: Strikes out swinging
Batting: RHB Larry Davis 0-0: Foul Ball, location: 2F
0-1: DOUBLE (Line Drive, 89D)
Batting: LHB Al Cramer 0-0: Ball
1-0: Ground out 1-3 (Groundball, 13S)
Larry Davis to third
Batting: RHB Jim Jones 0-0: Foul Ball, location: 2F
0-1: Ball
1-1: Swinging Strike
1-2: Strikes out looking
Top of the 4th over - 0 run(s), 1 hit(s), 0 error(s), 1 left on base; Iowa 0 - Georgia 0
BOTTOM OF THE 4TH
Georgia Bulldogs batting - Pitching for Iowa Hawkeyes : RHP Román Peña
Batting: SHB Jean-François St-Amant 0-0: Called Strike
0-1: Ball
1-1: Ball
2-1: Ball
3-1: Foul Ball, location: 2F
3-2: Ground out U3 (Groundball, 34S)
Batting: RHB Russell Maldonado 0-0: Called Strike
0-1: Ball
1-1: Fly out, F5 (Line Drive, 5)
Batting: RHB Ernie Ross 0-0: Ball
1-0: Swinging Strike
1-1: Foul Ball, location: 2F
1-2: Ball
2-2: Ball
3-2: Strikes out swinging
Bottom of the 4th over - 0 run(s), 0 hit(s), 0 error(s), 0 left on base; Iowa 0 - Georgia 0
TOP OF THE 5TH
Iowa Hawkeyes batting - Pitching for Georgia Bulldogs : RHP Jason Rose
Batting: RHB Stephen Spence 0-0: Foul Ball, location: 2F
0-1: Ball
1-1: Swinging Strike
1-2: Ball
2-2: Ball
3-2: Base on Balls
Batting: RHB Rick Suárez 0-0: Foul Ball, location: 2F
0-1: Swinging Strike
0-2: Ball
1-2: Strikes out swinging
Batting: LHB Jesús Torres 0-0: Called Strike
0-1: Swinging Strike
0-2: Strikes out swinging
Batting: LHB Jim Hutchinson 0-0: Ball
1-0: Foul Ball, location: 2F
1-1: Ball
2-1: Ball
3-1: Called Strike
3-2: Strikes out looking
Top of the 5th over - 0 run(s), 0 hit(s), 0 error(s), 1 left on base; Iowa 0 - Georgia 0
BOTTOM OF THE 5TH
Georgia Bulldogs batting - Pitching for Iowa Hawkeyes : RHP Román Peña
Batting: RHB Jeff Allen 0-0: Foul Ball, location: 2F
0-1: Ball
1-1: Swinging Strike
1-2: Strikes out swinging
Batting: LHB Bill Williams 0-0: Called Strike
0-1: Ground out 5-3 (Groundball, 56S)
Batting: RHB John Field 0-0: Ball
1-0: Ball
2-0: Ball
3-0: Called Strike
3-1: Base on Balls
Batting: RHB Ángel Torres 0-0: Ball
1-0: Foul Ball, location: 2F
1-1: Called Strike
1-2: Fielders Choice at 2nd, 6-4 (Groundball, 56)
Bottom of the 5th over - 0 run(s), 0 hit(s), 0 error(s), 0 left on base; Iowa 0 - Georgia 0
TOP OF THE 6TH
Iowa Hawkeyes batting - Pitching for Georgia Bulldogs : RHP Jason Rose
Batting: RHB Chris Boner 0-0: Foul Ball, location: 2F
0-1: Ball
1-1: Ball
2-1: Ball
3-1: Base on Balls
Batting: RHB Carter Wilson 0-0: Ball
1-0: Fielders Choice at 2nd, 1-6 (Groundball, P)
Batting: RHB Larry Davis 0-0: Called Strike
0-1: Ball
1-1: Foul Ball, location: 2F
1-2: Ball
2-2: Ball
3-2: Fly out, F7 (Flyball, 7)
Pitching: RHP Artie Watson
Batting: LHB Al Cramer 0-0: Ball
1-0: SINGLE (Line Drive, 6)
Carter Wilson to second
Batting: RHB Jim Jones 0-0: Called Strike
0-1: Ball
1-1: Ball
Wild Pitch!
Carter Wilson to third
Al Cramer to second
2-1: Foul Ball, location: 2F
2-2: Foul Ball, location: 2F
2-2: Ball
3-2: Foul Ball, location: 2F
3-2: Strikes out looking
Top of the 6th over - 0 run(s), 1 hit(s), 0 error(s), 2 left on base; Iowa 0 - Georgia 0
BOTTOM OF THE 6TH
Georgia Bulldogs batting - Pitching for Iowa Hawkeyes : RHP Román Peña
Pitching: LHP Max Bridges
Batting: RHB Tom Stoltz 0-0: Swinging Strike
0-1: Ball
1-1: Foul Ball, location: 2F
1-2: Strikes out swinging
Batting: RHB Gerald Miller 0-0: Ground out 6-3 (Groundball, 6)
Batting: SHB Jean-François St-Amant 0-0: Ball
1-0: Foul Ball, location: 2F
1-1: SINGLE (Flyball, 7S)
Batting: RHB Russell Maldonado 0-0: Ball
1-0: Fly out, F7 (Flyball, 7)
Bottom of the 6th over - 0 run(s), 1 hit(s), 0 error(s), 1 left on base; Iowa 0 - Georgia 0
TOP OF THE 7TH
Iowa Hawkeyes batting - Pitching for Georgia Bulldogs : RHP Artie Watson
Batting: RHB Stephen Spence 0-0: Called Strike
0-1: Foul Ball, location: 2F
0-2: Foul Ball, location: 2F
0-2: Strikes out looking
Batting: RHB Rick Suárez 0-0: Ball
1-0: Ball
2-0: Ball
3-0: Base on Balls
Batting: LHB Jesús Torres 0-0: Ball
1-0: SINGLE (Flyball, 9LS)
Rick Suárez to second
Pinch Hitting: RHB Jim Sharry 0-0: Ball
1-0: Fly out, F9 (Flyball, 9S)
Batting: RHB Chris Boner 0-0: Ball
1-0: Ground out 4-3 (Groundball, 4M)
Top of the 7th over - 0 run(s), 1 hit(s), 0 error(s), 2 left on base; Iowa 0 - Georgia 0
BOTTOM OF THE 7TH
Georgia Bulldogs batting - Pitching for Iowa Hawkeyes : LHP Max Bridges
Now at SS: Miguel López
Pinch Hitting: SHB Andrés Coronado 0-0: Called Strike
0-1: Swinging Strike
0-2: Ball
1-2: Foul Ball, location: 2F
1-2: Ground out 5-3 (Groundball, 5S)
Batting: RHB Jeff Allen 0-0: Foul Ball, location: 2F
0-1: Foul Ball, location: 2F
0-2: Strikes out swinging
Batting: LHB Bill Williams 0-0: Ball
1-0: Ball
2-0: Ball
3-0: Base on Balls
Batting: RHB John Field 0-0: Called Strike
0-1: Foul Ball, location: 2F
0-2: Strikes out swinging
Bottom of the 7th over - 0 run(s), 0 hit(s), 0 error(s), 1 left on base; Iowa 0 - Georgia 0
TOP OF THE 8TH
Iowa Hawkeyes batting - Pitching for Georgia Bulldogs : RHP Artie Watson
Now at 1B: Leroy Surtees
Batting: RHB Carter Wilson 0-0: Called Strike
0-1: SINGLE (Line Drive, 4MD)
Batting: RHB Larry Davis 0-0: Fly out, F8 (Flyball, 8RM)
Batting: LHB Al Cramer 0-0: SINGLE (Flyball, 8LS)
Carter Wilson to second
Batting: RHB Jim Jones 0-0: Ball
1-0: Called Strike
1-1: Grounds into double play, 4-6-3 (Groundball, 34)
Top of the 8th over - 0 run(s), 2 hit(s), 0 error(s), 1 left on base; Iowa 0 - Georgia 0
BOTTOM OF THE 8TH
Georgia Bulldogs batting - Pitching for Iowa Hawkeyes : LHP Max Bridges
Batting: RHB Ángel Torres 0-0: Swinging Strike
0-1: Ball
1-1: Called Strike
1-2: Ball
2-2: Strikes out swinging
Batting: RHB Tom Stoltz 0-0: Swinging Strike
0-1: Fly out, F5 (Popup, 56)
Batting: RHB Gerald Miller 0-0: Ball
1-0: Called Strike
1-1: Ground out 4-3 (Groundball, 4)
Bottom of the 8th over - 0 run(s), 0 hit(s), 0 error(s), 0 left on base; Iowa 0 - Georgia 0
TOP OF THE 9TH
Iowa Hawkeyes batting - Pitching for Georgia Bulldogs : RHP Artie Watson
Pitching: LHP Jason Cabrera
Batting: RHB Stephen Spence 0-0: Ball
1-0: Ball
2-0: Swinging Strike
2-1: Ball
3-1: Base on Balls
Batting: RHB Rick Suárez 0-0: Called Strike
0-1: Ball
1-1: Swinging Strike
1-2: Ball
2-2: Foul Ball, location: 2F
2-2: Foul Ball, location: 2F
2-2: Strikes out swinging
Batting: LHB Jesús Torres 0-0: Ball
1-0: Ball
2-0: Called Strike
2-1: Foul Ball, location: 2F
2-2: Strikes out swinging
Batting: RHB Miguel López 0-0: Called Strike
0-1: Ball
1-1: Fly out, F7 (Line Drive, 7)
Top of the 9th over - 0 run(s), 0 hit(s), 0 error(s), 1 left on base; Iowa 0 - Georgia 0
BOTTOM OF THE 9TH
Georgia Bulldogs batting - Pitching for Iowa Hawkeyes : LHP Max Bridges
Pitching: RHP Javier Valdés
Batting: SHB Jean-François St-Amant 0-0: Called Strike
0-1: Ball
1-1: Called Strike
1-2: Strikes out swinging
Batting: RHB Russell Maldonado 0-0: Swinging Strike
0-1: SINGLE (Groundball, 56D)
Pitching: LHP Leonardo Canó
Batting: LHB Leroy Surtees 0-0: Foul Ball, location: 2F
0-1: Foul Ball, location: 2F
0-2: Ball
1-2: Ball
2-2: Foul Ball, location: 2F
2-2: Fly out, F7 (Line Drive, 7S)
Now in LF: Marcus Spencer
Batting: RHB Jeff Allen 0-0: Swinging Strike
0-1: Ball
1-1: Ball
2-1: Fly out, F8 (Flyball, 8LM)
Bottom of the 9th over - 0 run(s), 1 hit(s), 0 error(s), 1 left on base; Iowa 0 - Georgia 0
TOP OF THE 10TH
Iowa Hawkeyes batting - Pitching for Georgia Bulldogs : LHP Jason Cabrera
Batting: RHB Chris Boner 0-0: Ball
1-0: Fly out, F8 (Line Drive, 8LS)
Batting: RHB Carter Wilson 0-0: Ball
1-0: Called Strike
1-1: Foul Ball, location: 2F
1-2: Ball
2-2: Strikes out swinging
Batting: RHB Larry Davis 0-0: SINGLE (Groundball, 56D)
Batting: LHB Al Cramer 0-0: Ball
1-0: SINGLE (Line Drive, 4MD)
Larry Davis to second
Batting: RHB Jim Jones 0-0: Ball
1-0: Called Strike
1-1: Swinging Strike
1-2: Ball
2-2: Strikes out looking
Top of the 10th over - 0 run(s), 2 hit(s), 0 error(s), 2 left on base; Iowa 0 - Georgia 0
BOTTOM OF THE 10TH
Georgia Bulldogs batting - Pitching for Iowa Hawkeyes : LHP Leonardo Canó
Pitching: RHP Ryan Berry
Batting: LHB Bill Williams 0-0: Ball
1-0: Called Strike
1-1: Foul Ball, location: 2F
1-2: Foul Ball, location: 2F
1-2: Foul Ball, location: 2F
1-2: Strikes out swinging
Batting: RHB John Field 0-0: Ball
1-0: Called Strike
1-1: Ball
2-1: Ball
3-1: Base on Balls
Batting: RHB Ángel Torres 0-0: Ball
John Field steals 2nd base
1-0: Called Strike
1-1: Foul Ball, location: 2F
1-2: Fly out, F9 (Line Drive, 9)
Batting: RHB Tom Stoltz 0-0: Intentional Walk
Batting: RHB Gerald Miller 0-0: Fly out, F7 (Flyball, 7)
Bottom of the 10th over - 0 run(s), 0 hit(s), 0 error(s), 2 left on base; Iowa 0 - Georgia 0
TOP OF THE 11TH
Iowa Hawkeyes batting - Pitching for Georgia Bulldogs : LHP Jason Cabrera
Pitching: LHP Anthony Mathis
Batting: RHB Stephen Spence 0-0: Ball
1-0: SOLO HOME RUN (Flyball, 78XD), Distance : 368 ft
Batting: RHB Rick Suárez 0-0: Ball
1-0: Foul Ball, location: 2F
1-1: Ball
2-1: Foul Ball, location: 2F
2-2: Strikes out swinging
Batting: LHB Marcus Spencer 0-0: Ball
1-0: Ball
2-0: Ball
3-0: Base on Balls
Batting: RHB Miguel López 0-0: Called Strike
0-1: Foul Ball, location: 2F
0-2: Foul Ball, location: 2F
0-2: Strikes out swinging
Batting: RHB Chris Boner 0-0: DOUBLE (Flyball, 89M)
Marcus Spencer to third
Batting: RHB Carter Wilson 0-0: Ball
1-0: Swinging Strike
1-1: Ball
2-1: Ball
3-1: Called Strike
3-2: Base on Balls
Batting: RHB Larry Davis 0-0: GRAND SLAM HOME RUN (Flyball, 78XD), Distance : 378 ft
Pitching: LHP George Bolden
Batting: LHB Al Cramer 0-0: Called Strike
0-1: Foul Ball, location: 2F
0-2: Ball
1-2: Ball
2-2: Ball
3-2: Strikes out swinging
Top of the 11th over - 5 run(s), 3 hit(s), 0 error(s), 0 left on base; Iowa 5 - Georgia 0
BOTTOM OF THE 11TH
Georgia Bulldogs batting - Pitching for Iowa Hawkeyes : RHP Ryan Berry
Batting: SHB Jean-François St-Amant 0-0: Foul Ball, location: 2F
0-1: Ball
1-1: Foul Ball, location: 2F
1-2: Strikes out swinging
Batting: RHB Russell Maldonado 0-0: Swinging Strike
0-1: Fly out, F7 (Flyball, 78M)
Batting: LHB Leroy Surtees 0-0: DOUBLE (Line Drive, 7)
Batting: RHB Jeff Allen 0-0: Ball
Wild Pitch!
Leroy Surtees to third
1-0: Foul Ball, location: 2F
1-1: Ball
2-1: SINGLE (Line Drive, 7LM)
Leroy Surtees scores
Batting: LHB Bill Williams 0-0: Fly out, F8 (Flyball, 89M)
Bottom of the 11th over - 1 run(s), 2 hit(s), 0 error(s), 1 left on base; Iowa 5 - Georgia 1
Tuesday, August 8th, 2017 - OOTP Baseball 17.12 Build 75